HSSL
TULSA HS AS @ HUNTSVILLE HS WASPS
04/23/2030
 
TOP OF THE 1ST
Tulsa HS As batting - Pitching for Huntsville HS Wasps : LHP Bill MacGregor
Pitching: LHP Bill MacGregor
Batting: RHB Dale Bennett 0-0: SOLO HOME RUN (Flyball, 7D), Distance : 394 ft
Batting: LHB Dave Leclair 0-0: Fly out, F3 (Line Drive, 3)
Batting: RHB Ralph Young 0-0: Called Strike
0-1: Foul Ball, location: 2F
0-2: Foul Ball, location: 2F
0-2: SINGLE (Groundball, 4MD)
Batting: LHB Mark Wheeler 0-0: Called Strike
0-1: Ball
1-1: Fly out, F8 (Flyball, 8LXD)
Runner from 1st tags up, SAFE at 2nd
Batting: SHB José Hernández 0-0: Foul Ball, location: 2F
0-1: Called Strike
0-2: Ball
1-2: Strikes out swinging
Top of the 1st over - 1 run, 2 hits, 0 errors, 1 left on base; Tulsa HS 1 - Huntsville HS 0
BOTTOM OF THE 1ST
Huntsville HS Wasps batting - Pitching for Tulsa HS As : RHP Floyd Walton
Pitching: RHP Floyd Walton
Batting: RHB Chester Horn 0-0: SINGLE (Line Drive, 78M)
Batting: RHB Charlie Harris 0-0: Grounds into double play, 4-6-3 (Groundball, 4)
Batting: RHB Fernando Sauceda 0-0: Ball
1-0: Called Strike
1-1: Ball
2-1: Ball
3-1: Called Strike
3-2: Foul Ball, location: 2F
3-2: Base on Balls
Batting: RHB David Kemp 0-0: Ball
Fernando Sauceda is caught stealing 2nd base
Bottom of the 1st over - 0 runs, 1 hit, 0 errors, 0 left on base; Tulsa HS 1 - Huntsville HS 0
TOP OF THE 2ND
Tulsa HS As batting - Pitching for Huntsville HS Wasps : LHP Bill MacGregor
Batting: LHB Chris Smith 0-0: Ground out 1-3 (Groundball, 13)
Batting: RHB Ricky Thomas 0-0: Ball
1-0: Fly out, F6 (Line Drive, 6M)
Batting: RHB Trent Rowe 0-0: Ball
1-0: Called Strike
1-1: Ball
2-1: Swinging Strike
2-2: Strikes out swinging
Top of the 2nd over - 0 runs, 0 hits, 0 errors, 0 left on base; Tulsa HS 1 - Huntsville HS 0
BOTTOM OF THE 2ND
Huntsville HS Wasps batting - Pitching for Tulsa HS As : RHP Floyd Walton
Batting: RHB David Kemp 0-0: Ball
1-0: Swinging Strike
1-1: Ball
2-1: Ball
3-1: Called Strike
3-2: Ground out U3 (Groundball, 34S)
Batting: RHB Dave Stroud 0-0: Called Strike
0-1: Fly out, F7 (Flyball, 7)
Batting: RHB Travis McKenzie 0-0: Ball
1-0: Foul Ball, location: 2F
1-1: Ball
2-1: Foul Ball, location: 2F
2-2: SINGLE (Line Drive, 6M)
Batting: RHB Mike Johnston 0-0: Called Strike
0-1: Ball
1-1: Ball
2-1: Swinging Strike
2-2: Foul Ball, location: 2F
2-2: Ball
3-2: Foul Ball, location: 2F
3-2: Ground out 5-3 (Groundball, 56)
Bottom of the 2nd over - 0 runs, 1 hit, 0 errors, 1 left on base; Tulsa HS 1 - Huntsville HS 0
TOP OF THE 3RD
Tulsa HS As batting - Pitching for Huntsville HS Wasps : LHP Bill MacGregor
Batting: RHB Brendon Keifer 0-0: Ball
1-0: Called Strike
1-1: Foul Ball, location: 2F
1-2: Strikes out looking
Batting: RHB Dale Bennett 0-0: Called Strike
0-1: Ball
1-1: Ball
2-1: Fly out, F7 (Flyball, 7LM)
Batting: LHB Dave Leclair 0-0: Ball
1-0: Ball
2-0: Called Strike
2-1: Called Strike
2-2: Foul Ball, location: 2F
2-2: Strikes out looking
Top of the 3rd over - 0 runs, 0 hits, 0 errors, 0 left on base; Tulsa HS 1 - Huntsville HS 0
BOTTOM OF THE 3RD
Huntsville HS Wasps batting - Pitching for Tulsa HS As : RHP Floyd Walton
Batting: RHB Brandon Roe 0-0: Ball
1-0: Ball
2-0: Foul Ball, location: 2F
2-1: Ball
3-1: Called Strike
3-2: Foul Ball, location: 2F
3-2: Ground out 4-3 (Groundball, 34)
Batting: SHB Al Swanson 0-0: Ball
1-0: Ground out 6-3 (Groundball, 56)
Batting: RHB Chester Horn 0-0: Ball
1-0: Ball
2-0: Ball
3-0: Base on Balls
Batting: RHB Charlie Harris 0-0: Ball
1-0: Called Strike
Chester Horn steals 2nd base
1-1: Fly out, F6 (Popup, P)
Bottom of the 3rd over - 0 runs, 0 hits, 0 errors, 1 left on base; Tulsa HS 1 - Huntsville HS 0
TOP OF THE 4TH
Tulsa HS As batting - Pitching for Huntsville HS Wasps : LHP Bill MacGregor
Batting: RHB Ralph Young 0-0: Called Strike
0-1: Ball
1-1: Ball
2-1: Ball
3-1: Foul Ball, location: 2F
3-2: Foul Ball, location: 2F
3-2: Base on Balls
Batting: LHB Mark Wheeler 0-0: Ball
1-0: Ball
2-0: SINGLE (Groundball, 34D)
Ralph Young to second
Runner from 2nd tries for 3rd, SAFE, no throw
Batting: SHB José Hernández 0-0: Ball
1-0: Foul Ball, location: 2F
1-1: Ball
2-1: Foul Ball, location: 2F
2-2: DOUBLE (Groundball, 5L)
Ralph Young scores
Mark Wheeler to third
Batting: LHB Chris Smith 0-0: Ball
1-0: Foul Ball, location: 2F
1-1: Foul Ball, location: 2F
1-2: Foul Ball, location: 2F
1-2: Foul Ball, location: 2F
1-2: Fly out, F9 (Flyball, 9)
Runner from 3rd tags up, SCORES, throw made
Batting: RHB Ricky Thomas 0-0: Called Strike
0-1: Ball
1-1: Ball
2-1: Foul Ball, location: 2F
2-2: Ball
3-2: Foul Ball, location: 2F
3-2: Foul Ball, location: 2F
3-2: Strikes out looking
Batting: RHB Trent Rowe 0-0: Ball
1-0: Ball
2-0: Foul Ball, location: 2F
2-1: Foul Ball, location: 2F
2-2: Strikes out swinging
Top of the 4th over - 2 runs, 2 hits, 0 errors, 1 left on base; Tulsa HS 3 - Huntsville HS 0
BOTTOM OF THE 4TH
Huntsville HS Wasps batting - Pitching for Tulsa HS As : RHP Floyd Walton
Batting: RHB Fernando Sauceda 0-0: Foul Ball, location: 2F
0-1: Ball
1-1: Foul Ball, location: 2F
1-2: Fly out, F8 (Flyball, 8RM)
Batting: RHB David Kemp 0-0: Foul Ball, location: 2F
0-1: Ball
1-1: Ball
2-1: Foul Ball, location: 2F
2-2: Fly out, F8 (Flyball, 8RD)
Batting: RHB Dave Stroud 0-0: Ball
1-0: Swinging Strike
1-1: Foul Ball, location: 2F
1-2: Ball
2-2: Ball
3-2: Foul Ball, location: 2F
3-2: Strikes out swinging
Bottom of the 4th over - 0 runs, 0 hits, 0 errors, 0 left on base; Tulsa HS 3 - Huntsville HS 0
TOP OF THE 5TH
Tulsa HS As batting - Pitching for Huntsville HS Wasps : LHP Bill MacGregor
Batting: RHB Brendon Keifer 0-0: Ball
1-0: Foul Ball, location: 2F
1-1: Called Strike
1-2: Ball
2-2: Ball
3-2: Ground out 6-3 (Groundball, 6M)
Batting: RHB Dale Bennett 0-0: Ball
1-0: Foul Ball, location: 2F
1-1: SOLO HOME RUN (Flyball, 7D), Distance : 365 ft
Batting: LHB Dave Leclair 0-0: Called Strike
0-1: Foul Ball, location: 2F
0-2: Ball
1-2: Ball
2-2: Foul Ball, location: 2F
2-2: Strikes out swinging
Batting: RHB Ralph Young 0-0: SINGLE (Groundball, 56D)
Pitching: RHP Tom Basano
Batting: LHB Mark Wheeler 0-0: Ball
1-0: Called Strike
Ralph Young is caught stealing 2nd base
Top of the 5th over - 1 run, 2 hits, 0 errors, 0 left on base; Tulsa HS 4 - Huntsville HS 0
BOTTOM OF THE 5TH
Huntsville HS Wasps batting - Pitching for Tulsa HS As : RHP Floyd Walton
Batting: RHB Travis McKenzie 0-0: DOUBLE (Flyball, 8RD)
Batting: RHB Mike Johnston 0-0: Ball
1-0: Ball
2-0: Ball
3-0: Called Strike
3-1: Called Strike
3-2: Foul Ball, location: 2F
3-2: Foul Ball, location: 2F
3-2: Fly out, F8 (Flyball, 89D)
Runner from 2nd tags up, SAFE at 3rd, no throw
Batting: RHB Brandon Roe 0-0: Called Strike
0-1: Swinging Strike
0-2: Strikes out looking
Batting: SHB Al Swanson 0-0: Called Strike
0-1: Foul Ball, location: 2F
0-2: Strikes out looking
Bottom of the 5th over - 0 runs, 1 hit, 0 errors, 1 left on base; Tulsa HS 4 - Huntsville HS 0
TOP OF THE 6TH
Tulsa HS As batting - Pitching for Huntsville HS Wasps : RHP Tom Basano
Batting: LHB Mark Wheeler 0-0: Ball
1-0: SINGLE (Groundball, 4) (infield hit)
Batting: SHB José Hernández 0-0: Ball
1-0: Foul Ball, location: 2F
1-1: Foul Ball, location: 2F
1-2: Foul Ball, location: 2F
1-2: SINGLE (Groundball, 6MD)
Mark Wheeler to second
Batting: LHB Chris Smith 0-0: Swinging Strike
0-1: Called Strike
0-2: Ball
1-2: Ball
2-2: Foul Ball, location: 2F
2-2: Ball
3-2: SINGLE (Groundball, 34D)
Mark Wheeler to third
José Hernández to second
Runner from 3rd tries for Home, SAFE, no throw
Batting: RHB Ricky Thomas 0-0: Ball
1-0: Ball
2-0: Ball
Wild Pitch!
José Hernández to third
Chris Smith to second
3-0: Intentional Walk
Batting: RHB Trent Rowe 0-0: Ball
1-0: Called Strike
1-1: Ball
2-1: Swinging Strike
2-2: Strikes out swinging
Batting: RHB Brendon Keifer 0-0: Called Strike
0-1: Ball
1-1: Grounds into fielders choice 1-2 (Groundball, 15)
Chris Smith to third
Ricky Thomas to second
Batting: RHB Dale Bennett 0-0: Ball
1-0: Ball
2-0: Called Strike
2-1: Foul Ball, location: 2F
2-2: Foul Ball, location: 2F
2-2: Ball
3-2: Base on Balls
Chris Smith scores
Ricky Thomas to third
Brendon Keifer to second
Batting: LHB Dave Leclair 0-0: Reached on error, E5 (Groundball, 56)
Ricky Thomas scores
Brendon Keifer scores
Dale Bennett to third
Batting: RHB Ralph Young 0-0: Called Strike
0-1: Foul Ball, location: 2F
0-2: Ball
1-2: Strikes out looking
Top of the 6th over - 4 runs, 3 hits, 1 error, 2 left on base; Tulsa HS 8 - Huntsville HS 0
BOTTOM OF THE 6TH
Huntsville HS Wasps batting - Pitching for Tulsa HS As : RHP Floyd Walton
Batting: RHB Chester Horn 0-0: Called Strike
0-1: Fly out, F7 (Flyball, 78D)
Pitching: RHP John Taylor
Batting: RHB Charlie Harris 0-0: Ball
1-0: Called Strike
1-1: Foul Ball, location: 2F
1-2: Ball
2-2: Fly out, F8 (Flyball, 8LM)
Batting: RHB Fernando Sauceda 0-0: SINGLE (Groundball, 34D)
Batting: RHB David Kemp 0-0: Swinging Strike
Fernando Sauceda steals 2nd base
0-1: Swinging Strike
0-2: Ball
1-2: Strikes out looking
Bottom of the 6th over - 0 runs, 1 hit, 0 errors, 1 left on base; Tulsa HS 8 - Huntsville HS 0
TOP OF THE 7TH
Tulsa HS As batting - Pitching for Huntsville HS Wasps : RHP Tom Basano
Batting: LHB Mark Wheeler 0-0: Ball
1-0: Fly out, F8 (Flyball, 8RM)
Batting: SHB José Hernández 0-0: Called Strike
0-1: Ball
1-1: Ball
2-1: Ball
3-1: Base on Balls
Batting: LHB Chris Smith 0-0: Ball
1-0: Foul Ball, location: 2F
1-1: Foul Ball, location: 2F
1-2: Foul Ball, location: 2F
1-2: Ball
2-2: Fly out, F8 (Line Drive, 8LD)
Batting: RHB Ricky Thomas 0-0: Called Strike
0-1: Ball
1-1: Ground out U3 (Groundball, 3)
Top of the 7th over - 0 runs, 0 hits, 0 errors, 1 left on base; Tulsa HS 8 - Huntsville HS 0
BOTTOM OF THE 7TH
Huntsville HS Wasps batting - Pitching for Tulsa HS As : RHP John Taylor
Batting: RHB Dave Stroud 0-0: Ball
1-0: Ball
2-0: Ball
3-0: Base on Balls
Batting: RHB Travis McKenzie 0-0: Foul Ball, location: 2F
0-1: Swinging Strike
0-2: Ball
1-2: 2-RUN HOME RUN (Flyball, 89XD), Distance : 436 ft
Batting: RHB Mike Johnston 0-0: Ball
1-0: SINGLE (Groundball, 56D)
Batting: RHB Brandon Roe 0-0: Called Strike
0-1: Ball
1-1: Ball
2-1: Called Strike
2-2: Foul Ball, location: 2F
2-2: Foul Ball, location: 2F
2-2: Foul Ball, location: 2F
2-2: Foul Ball, location: 2F
2-2: Ball
3-2: Base on Balls
Mike Johnston to second
Batting: SHB Al Swanson 0-0: Swinging Strike
0-1: SINGLE (Line Drive, 4D)
Mike Johnston to third
Brandon Roe to second
Batting: RHB Chester Horn 0-0: Called Strike
0-1: Ball
1-1: Ball
2-1: Fly out, F5 (Popup, 5SF)
Batting: RHB Charlie Harris 0-0: Called Strike
0-1: Foul Ball, location: 2F
0-2: TRIPLE (Line Drive, 78XD)
Mike Johnston scores
Brandon Roe scores
Al Swanson scores
Pitching: RHP William Phillips
Batting: RHB Fernando Sauceda 0-0: Ball
1-0: Fly out, F8 (Line Drive, 8LM)
Runner from 3rd tags up, SCORES, no throw
Batting: RHB David Kemp 0-0: Ball
1-0: Fly out, F7 (Flyball, 7S)
Bottom of the 7th over - 6 runs, 4 hits, 0 errors, 0 left on base; Tulsa HS 8 - Huntsville HS 6
TOP OF THE 8TH
Tulsa HS As batting - Pitching for Huntsville HS Wasps : RHP Tom Basano
Pitching: RHP Clarence Miller
Batting: RHB Trent Rowe 0-0: Called Strike
0-1: Ball
1-1: Ball
2-1: Ball
3-1: Foul Ball, location: 2F
3-2: Foul Ball, location: 2F
3-2: Foul Ball, location: 2F
3-2: Foul Ball, location: 2F
3-2: Fly out, F7 (Flyball, 7LMF)
Batting: RHB Brendon Keifer 0-0: Called Strike
0-1: SINGLE (Groundball, 56D)
Batting: RHB Dale Bennett 0-0: Ball
1-0: Ball
2-0: Ball
3-0: Base on Balls
Brendon Keifer to second
Pitching: LHP Michael Bowles
Batting: LHB Dave Leclair 0-0: Foul Ball, location: 2F
0-1: Called Strike
0-2: Ball
1-2: Foul Ball, location: 2F
1-2: Strikes out swinging
Pitching: RHP Sergio Sáenz
Batting: RHB Ralph Young 0-0: Called Strike
0-1: Ball
1-1: Hit by Pitch
Brendon Keifer to third
Dale Bennett to second
Batting: LHB Mark Wheeler 0-0: Swinging Strike
0-1: Called Strike
0-2: Strikes out looking
Top of the 8th over - 0 runs, 1 hit, 0 errors, 3 left on base; Tulsa HS 8 - Huntsville HS 6
BOTTOM OF THE 8TH
Huntsville HS Wasps batting - Pitching for Tulsa HS As : RHP William Phillips
Batting: RHB Dave Stroud 0-0: Ball
1-0: Foul Ball, location: 2F
1-1: Ball
2-1: Ball
3-1: Foul Ball, location: 2F
3-2: Foul Ball, location: 2F
3-2: Foul Ball, location: 2F
3-2: Base on Balls
Batting: RHB Travis McKenzie 0-0: Called Strike
0-1: Called Strike
0-2: Foul Ball, location: 2F
0-2: Strikes out swinging
Batting: RHB Mike Johnston 0-0: Ball
1-0: Ball
2-0: Ball
3-0: Called Strike
3-1: Foul Ball, location: 2F
3-2: Foul Ball, location: 2F
3-2: Base on Balls
Dave Stroud to second
Pitching: RHP Troy Roberson
Batting: RHB Brandon Roe 0-0: Ball
1-0: SINGLE (Groundball, 56D)
Dave Stroud to third
Mike Johnston to second
Runner from 3rd tries for Home, SAFE, no throw
Pitching: LHP Adam Johnson
Batting: SHB Al Swanson 0-0: Called Strike
0-1: Ball
1-1: Ball
Passed Ball!
Mike Johnston to third
Brandon Roe to second
2-1: Ball
3-1: Base on Balls
Pitching: RHP Benoît Coulombe
Batting: RHB Chester Horn 0-0: Called Strike
0-1: Ball
1-1: Foul Ball, location: 2F
1-2: Ball
2-2: Strikes out swinging
Batting: RHB Charlie Harris 0-0: Ball
1-0: Fly out, F9 (Line Drive, 89M)
Bottom of the 8th over - 1 run, 1 hit, 0 errors, 3 left on base; Tulsa HS 8 - Huntsville HS 7
TOP OF THE 9TH
Tulsa HS As batting - Pitching for Huntsville HS Wasps : RHP Sergio Sáenz
Batting: SHB José Hernández 0-0: Ball
1-0: Called Strike
1-1: Ball
2-1: Called Strike
2-2: Foul Ball, location: 2F
2-2: Strikes out swinging
Batting: LHB Chris Smith 0-0: Ball
1-0: Ball
2-0: Called Strike
2-1: Ball
3-1: Swinging Strike
3-2: Foul Ball, location: 2F
3-2: Fly out, F9 (Flyball, 89D)
Batting: RHB Ricky Thomas 0-0: Called Strike
0-1: Swinging Strike
0-2: Foul Ball, location: 2F
0-2: Strikes out looking
Top of the 9th over - 0 runs, 0 hits, 0 errors, 0 left on base; Tulsa HS 8 - Huntsville HS 7
BOTTOM OF THE 9TH
Huntsville HS Wasps batting - Pitching for Tulsa HS As : RHP Benoît Coulombe
Now at 2B: Raúl García
Batting: RHB Fernando Sauceda 0-0: Called Strike
0-1: Foul Ball, location: 2F
0-2: Ball
1-2: Strikes out swinging
Batting: RHB David Kemp 0-0: Ball
1-0: Ball
2-0: SINGLE (Groundball, 34S) (infield hit)
Pinch Hitting: RHB Jeff Duncan 0-0: Ball
1-0: Ball
2-0: Ball
3-0: Called Strike
3-1: Foul Ball, location: 2F
3-2: Foul Ball, location: 2F
3-2: Foul Ball, location: 2F
3-2: Strikes out swinging
Batting: RHB Travis McKenzie 0-0: Ball
1-0: Ball
2-0: Ball
3-0: Called Strike
3-1: Fielders Choice at 2nd, 5-4 (Groundball, 5)
Bottom of the 9th over - 0 runs, 1 hit, 0 errors, 1 left on base; Tulsa HS 8 - Huntsville HS 7
Saturday, April 7th, 2018 - OOTP Baseball 18.8 Build 76